 Dungeon Crawl Stone Soup version 0.32-a0-422-g28b100f618 (webtiles) character file.

Game seed: 13198763801270198576

392271 Esekla the Sorcerer (level 22, -7/113 (120) HPs)
             Began as a Vine Stalker Necromancer on Feb 14, 2024.
             Was the Champion of Vehumet.
             Mangled by Vv (11 damage)
             ... on level 1 of the Crypt on Feb 21, 2024.
             The game lasted 09:51:46 (57754 turns).

Esekla the Sorcerer (Vine Stalker Necromancer)     Turns: 57754, Time: 09:51:47

HP:   -7/113 (120)  AC: 18    Str: 16    XL:     22   Next: 91%
MP:   0/60          EV: 15    Int: 23    God:    Vehumet [******]
Gold: 3305          SH: 14    Dex: 16    Spells: 2/69 levels left

rFire   + . .        a - +11 Singing Sword {sonic wave}
rCold   + + .        c - +3 buckler {AC+3}
rNeg    . . .        X - +3 robe of Farfalle {rF+ rC+ Archmagi}
rPois   .            (helmet restricted)
rElec   .            l - +2 cloak of Vanity {Slay+3}
rCorr   .            J - +2 pair of gloves {Str+3}
SInv    .            S - +2 pair of boots {Stlth+}
Will    ++...        h - amulet of reflection
Stlth   +++++        U - ring of magical power
HPRegen 1.18/turn    O - ring of protection from cold
MPRegen 0.37/turn

%: reflection, guardian spirit, archmagi
@: on berserk cooldown, very slightly contaminated, slowed, drained, very slow
A: fangs 3, regeneration 1, magic shield, antimagic bite, no potion heal 2,
antennae 2
}: 2/15 runes: barnacled, gossamer
a: Renounce Religion


You were on level 1 of the Crypt.
You worshipped Vehumet.
Vehumet was exalted by your worship.
You visited 9 branches of the dungeon, and saw 39 of its levels.
You visited 3 bazaars.
You also visited: Sewer and Ice Cave.

You collected 7292 gold pieces.
You spent 3987 gold pieces at shops.

Inventory:

Hand Weapons
 a - the +11 Singing Sword (weapon) {sonic wave}
   (You bought it in a shop on level 4 of the Vaults)
 f - a +4 scimitar of flaming
 g - a +9 long sword of protection
 r - the +6 trident of Waiji {flame, Int+6 Dex+5}
   (You found it on level 6 of the Dungeon)

   Int+6:     It affects your intelligence (+6).
   Dex+5:     It affects your dexterity (+5).
 s - the +7 dagger of the Gnashing Badger {heavy, rPois Will+ MP+9}
   (You found it on level 3 of the Elven Halls)

   rPois:     It protects you from poison Will+: It increases your willpower.
   MP+9:      It affects your magic capacity (+9).
 x - the +11 short sword "Killer Bee's Bane" {vamp, rN+}
   (You found it on level 4 of the Shoals)

   rN+:       It protects you from negative energy.
Missiles
 n - 9 silver javelins
 u - 19 poisoned darts
 K - 7 curare-tipped darts
 N - 51 boomerangs (quivered)
Armour
 c - a +3 buckler of protection (worn)
 j - a +2 cloak of fire resistance
 l - the +2 cloak of Vanity (worn) {Slay+3}
   (You found it on level 3 of the Elven Halls)

   Slay+3:    It affects your accuracy & damage with ranged weapons and melee
   (+3).
 v - the +2 robe of Dramatic Exits {Fly rElec Will+++ Str-3 Archmagi}
   (You took it off Boris on level 3 of the Elven Halls)

   Str-3:     It affects your strength (-3).
   rElec:     It insulates you from electricity.
   Will+++:   It greatly increases your willpower.
   Fly:       It grants you flight.
   Archmagi:  It increases the power of your magical spells.
 B - a +2 buckler of poison resistance
 J - a +2 pair of gloves of strength (worn)
 S - a +2 pair of boots of stealth (worn)
 W - a +2 robe of resistance
 X - the +3 robe of Farfalle (worn) {rF+ rC+ Archmagi}
   (You took it off Boris on level 1 of the Crypt)

   rF+:       It protects you from fire.
   rC+:       It protects you from cold.
   Archmagi:  It increases the power of your magical spells.
Magical Staves
 d - a staff of death
Jewellery
 b - a ring of resist corrosion
 h - an amulet of reflection (around neck)
 t - a ring of poison resistance
 C - a ring of fire
 E - a ring of wizardry
 F - the ring "Niak" {rF+ Int+6}
   (You took it off Boris on level 3 of the Elven Halls)

   [ring of protection from fire]

   Int+6:     It affects your intelligence (+6).
   rF+:       It protects you from fire.
 H - a ring of see invisible
 O - a ring of protection from cold (right hand)
 U - a ring of magical power (left hand)
Wands
 w - a wand of roots (13)
 G - a wand of flame (92)
 M - a wand of mindburst (41)
 P - a wand of acid (8)
 Y - a wand of digging (21)
Scrolls
 e - 9 scrolls of enchant weapon
 k - 3 scrolls of silence
 p - 7 scrolls of blinking
 y - a scroll of fog
 z - 5 scrolls of poison
 I - 8 scrolls of fear
Potions
 m - 2 potions of brilliance
 o - 13 potions of curing
 q - 9 potions of ambrosia
 A - 7 potions of cancellation
 D - 10 potions of might
 L - a potion of attraction
 Q - 5 potions of enlightenment
 R - 4 potions of invisibility
 T - a potion of berserk rage
 V - 4 potions of resistance
 Z - a potion of magic


   Skills:
 * Level 14.2 Fighting
 + Level 7.8(8.9) Short Blades
 + Level 6.2(8.1) Long Blades
 + Level 6.1 Polearms
 + Level 3.2 Throwing
 - Level 5.9 Armour
 + Level 7.6 Dodging
 + Level 8.3 Stealth
 - Level 6.0 Shields
 * Level 24.0 Spellcasting
 + Level 6.0 Conjurations
 + Level 10.5 Necromancy
 + Level 3.1 Translocations
 + Level 4.2 Fire Magic
 + Level 12.0 Ice Magic
 * Level 11.3 Air Magic
 - Level 10.3 Alchemy


You had 2 spell levels left.
You knew the following spells:

 Your Spells              Type           Power      Damage    Failure   Level
a - Ozocubu's Armour      Ice            90%        N/A       1%          3
b - Blink                 Tloc           100%       N/A       1%          2
d - Vampiric Draining     Necr           85%        2d12      1%          3
e - Searing Ray           Conj           100%       2d8       1%          2
f - Fireball              Conj/Fire      33%        3d14      1%          5
g - Ozocubu's Refrigerat  Ice            45%        4d17      3%          7
i - Irradiate             Conj/Alch      39%        3d24      1%          5
k - Airstrike             Air            44%        2d(7-23)  1%          4
l - Iskenderun's Mystic   Conj/Tloc      64%        2d13      1%          4
n - Ignite Poison         Fire/Alch      75%        N/A       1%          4
o - Scorch                Fire           100%       2d9       1%          2
p - Apportation           Tloc           100%       N/A       1%          1
r - Frozen Ramparts       Ice            100%       1d16      1%          3
u - Dispel Undead         Necr           85%        3d27      1%          4
v - Mercury Vapours       Alch/Air       100%       N/A       1%          2
w - Fugue of the Fallen   Necr           85%        N/A       1%          3
x - Olgreb's Toxic Radia  Alch           85%        N/A       1%          4
y - Sticky Flame          Fire/Alch      75%        2d12      1%          4
z - Freezing Cloud        Conj/Ice/Air   41%        6-21      1%          5

Your spell library contained the following spells:

 Spells                   Type           Power      Damage    Failure   Level
 Lehudib's Crystal Spear  Conj/Erth      29%        10d8      99%         8
 Fire Storm               Conj/Fire      33%        8d9       100%        9
 Freeze                   Ice            100%       1d10      0%          1
 Kiss of Death            Conj/Necr      100%       2d13      1%          1
 Magic Dart               Conj           100%       1d8       1%          1
 Necrotise                Necr           100%       1d9       1%          1
 Sandblast                Erth           82%        2d17      1%          1
 Shock                    Conj/Air       100%       1d9       1%          1
 Sting                    Conj/Alch      100%       1d9       1%          1
 Summon Small Mammal      Summ           100%       N/A       1%          1
 Lesser Beckoning         Tloc           100%       N/A       1%          2
 Sublimation of Blood     Necr           85%        N/A       1%          2
 Call Imp                 Summ           82%        N/A       2%          2
 Jinxbite                 Hex            82%        N/A       2%          2
 Gell's Gravitas          Tloc           58%        N/A       1%          3
 Hailstorm                Conj/Ice       81%        3d14      1%          3
 Inner Flame              Hex/Fire       54%        N/A       1%          3
 Stone Arrow              Conj/Erth      100%       3d13      1%          3
 Summon Ice Beast         Ice/Summ       70%        N/A       1%          3
 Swiftness                Air            88%        N/A       1%          3
 Teleport Other           Tloc           58%        N/A       1%          3
 Volatile Blastmotes      Fire/Tloc      100%       2d18      1%          3
 Animate Dead             Necr           85%        N/A       1%          4
 Brom's Barrelling Bould  Conj/Erth      58%        2d7       1%          4
 Flame Wave               Conj/Fire      67%        2d15      1%          4
 Fulminant Prism          Conj/Alch      39%        3d18      1%          4
 Leda's Liquefaction      Alch/Erth      33%        N/A       1%          4
 Martyr's Knell           Necr/Summ      67%        N/A       1%          4
 Petrify                  Alch/Erth      67%        N/A       1%          4
 Summon Lightning Spire   Summ/Air       69%        N/A       1%          4
 Vhi's Electric Charge    Tloc/Air       100%       N/A       1%          4
 Arcjolt                  Conj/Air       39%        1d49      1%          5
 Curse of Agony           Necr           85%        N/A       1%          5
 Iskenderun's Battlesphe  Conj           70%        2d12      1%          5
 Yara's Violent Unravell  Hex/Alch       33%        3d14      1%          5
 Eringya's Noxious Bog    Alch           42%        4d6       1%          6
 Sculpt Simulacrum        Ice/Alch       43%        N/A       2%          6
 Plasma Beam              Fire/Air       38%        2x1d52    3%          6
 Call Canine Familiar     Summ           41%        N/A       4%          3
 Confusing Touch          Hex            41%        N/A       4%          3
 Passwall                 Erth           41%        N/A       4%          3
 Sigil of Binding         Hex            41%        N/A       4%          3
 Tukima's Dance           Hex            41%        N/A       4%          3
 Manifold Assault         Tloc           58%        N/A       4%          4
 Metabolic Englaciation   Hex/Ice        35%        N/A       4%          5
 Dimensional Bullseye     Hex/Tloc       25%        N/A       9%          4
 Bombard                  Conj/Erth      29%        9d5       19%         6
 Summon Forest            Summ/Tloc      25%        N/A       26%         5
 Maxwell's Capacitive Co  Air            44%        ∞         26%         8
 Dispersal                Tloc           29%        N/A       58%         6
 Spellforged Servitor     Conj/Summ      29%        N/A       67%         7
 Summon Cactus Giant      Summ           20%        N/A       95%         6
 Polar Vortex             Ice            45%        12d6*     95%         9
 Ignition                 Fire           31%        3d10      98%         8
 Enfeeble                 Hex            20%        N/A       100%        7
 Summon Hydra             Summ           20%        N/A       100%        7
 Disjunction              Tloc           29%        N/A       100%        8
 Chain Lightning          Conj/Air       39%        3d52      100%        9


Dungeon Overview and Level Annotations

Branches:
Dungeon (15/15)            Temple (1/1) D:4            Lair (5/5) D:9
 Shoals (4/4) Lair:3       Spider (4/4) Lair:2        Slime (0/5) Lair:5
    Orc (2/2) D:9             Elf (3/3) Orc:2        Vaults (4/5) D:13
  Crypt (1/3) Vaults:2     Depths (0/4) D:15          Sewer (visited)
  IceCv (visited)

Altars:
Ashenzari
Cheibriados
Dithmenos
Elyvilon
Fedhas
Gozag
Hepliaklqana
Kikubaaqudgha
Makhleb
Nemelex Xobeh
Okawaru
Qazlal
Ru
Sif Muna
Trog
Uskayaw
Vehumet
Wu Jian
Xom
Yredelemnul
Zin
The Shining One
Beogh
Jiyva

Shops:
D:14 *   Orc:2 ?([:   Elf:1 (   Vaults:4 ([[=!

Annotations:
D:4 7 runed translucent doors, Splishie's ghost, amateur GnWn
D:6 Jeremiah
D:7 2 transporters, voltaire321's ghost, novice DEEE
D:8 2 transporters
Lair:2 1 runed translucent door, BerryKnight's ghost, journeyman MDRe
Elf:2 Roxanne
Crypt:1 1 runed translucent door, Uroast's ghost, veteran MiGl; Vv


Innate Abilities, Weirdness & Mutations

You have razor-sharp teeth.
Your natural rate of healing is unusually fast.
When hurt, damage is shared between your health and your magic reserves.
Your bite disrupts and absorbs the magic of your enemies.
Potions cannot restore your health.
You have a pair of antennae on your head.


Message History

You drain her magic.
You feel invigorated.
Vv is almost destroyed.
You slash Vv! Your bite misses Vv.
Vv is almost destroyed.
Vv barely misses you. Vv completely misses you.
You slash Vv! Your bite misses Vv.
Vv is almost destroyed.
Vv hits you!
* * * LOW HITPOINT WARNING * * *
Vv freezes you! You resist.
* * * LOW HITPOINT WARNING * * *
Vv closely misses you.
You hit Vv. Your bite misses Vv.
Vv is almost destroyed.
Vv hits you!
* * * LOW HITPOINT WARNING * * *
Vv freezes you!! You resist.
* * * LOW HITPOINT WARNING * * *
You block Vv's attack.
You closely miss Vv. Your bite misses Vv.
Vv is almost destroyed.
You closely miss Vv. You bite Vv, but do no damage.
Vv is almost destroyed.
You are no longer berserk.
You are exhausted.
You feel yourself slow down. You block Vv's attack.
Vv hits you but does no damage.
Casting: Irradiate (mildly dangerous; 1% risk of failure)
Confirm with . or Enter, or press ? or * to list all spells.
You feel a surge of power! A film of ice covers your body!
You block Vv's attack. Vv hits you!
* * * LOW HITPOINT WARNING * * *
You are engulfed in flames!
You resist.
* * * LOW HITPOINT WARNING * * *
Vv hits you but does no damage. Vv hits you!
* * * LOW HITPOINT WARNING * * *
You are engulfed in flames!
Your icy armour melts away.
You resist.
You die...

###########################
................@.........#
.######........9##'####...#
.# #.........#.....#...# .#
#.........#.....#...# .#
#.........#.....#...# .#
#.........#.....#...# >#
#.........#######...# .#
#...................#
.######...9#############..#


You could see Vv (magic disrupted).

Vanquished Creatures
  Mara (Vaults:4)
  Boris (twice) (Elf:3 Crypt:1)
  Saint Roka (Vaults:1)
  Nikola (Elf:2)
  Norris (Vaults:2)
  Jorgrun (Spider:2)
  Zenata (Elf:1)
  2 deep elf blademasters (Elf:3)
  2 deep elf master archers (Elf:3)
  Polyphemus (Shoals:2)
  3 sphinxes
  An ancient champion (Crypt:1)
  A revenant (Crypt:1)
  Ilsuiw (Shoals:2)
  7 vault wardens
  4 emperor scorpions (Spider:4)
  Louise (Spider:1)
  5 deep elf elementalists
  4 deep elf sorcerers
  6 ghost moths
  A curse skull (Crypt:1)
  4 broodmothers
  13 ironbound preservers
  3 orc warlords (Vaults:2)
  A juggernaut skeleton (Crypt:1)
  3 ironbound thunderhulks
  A war gargoyle (Vaults:3)
  2 deep elf death magi
  9 deep elf annihilators
  11 dire elephants
  2 formless jellyfish
  6 deep elf demonologists
  3 spark wasps (Spider:4)
  A vampire knight (Vaults:2)
  5 crystal guardians
  An acid blob zombie (Crypt:1)
  An ettin (Orc:1)
  6 entropy weavers
  3 jiangshi (Crypt:1)
  6 merfolk javelineers
  A quicksilver dragon zombie (D:15)
  Josephine (Lair:4)
  The ghost of Kibis the Unforgettable, a journeyman DsGl of Hepliaklqana (D:14)
  8 merfolk impalers
  2 deep elf high priests (Elf:3)
  A rakshasa (D:15)
  7 yaktaur captains
  A spriggan zombie (Crypt:1)
  6 great orbs of eyes
  6 vault guards
  4 hydras
  Fannar (D:10)
  5 merfolk avatars
  3 peacekeepers
  10 ironbound frosthearts
  An alligator snapping turtle (Shoals:2)
  3 radroaches
  A catoblepas (Shoals:2)
  A jorogumo (Spider:4)
  17 centaur warriors
  3 merfolk aquamancers (Shoals:4)
  10 two-headed ogres
  An ogre mage (D:15)
  9 boulder beetles
  34 dancing weapons
  A tengu warrior (D:14)
  2 death knights (Crypt:1)
  9 orc high priests
  A sphinx skeleton (D:15)
  15 death yaks
  8 demonic crawlers
  A satyr (Shoals:4)
  Urug (Lair:4)
  A titan zombie (Crypt:1)
  An Orb Guardian skeleton (Crypt:1)
  An occultist (D:15)
  4 vampire magi
  9 skysharks
  12 deep elf knights
  A sixfirhy (D:11)
  9 skeletal warriors
  36 deep trolls
  7 pharaoh ants
  17 orb spiders
  An anaconda zombie (Crypt:1)
  8 arcanists
  A sun moth (Spider:3)
  19 sea snakes
  A flayed ghost (Crypt:1)
  6 necromancers
  5 steelbarb worms
  9 deep elf archers
  7 lindwurms
  12 ironbound convokers
  23 deep elf zephyrmancers
  8 orc knights
  A phantasmal warrior (Crypt:1)
  48 deep elf pyromancers
  A harpy (shapeshifter) (D:13)
  5 orc sorcerers
  14 harpies
  32 wolf spiders
  7 cyclopes
  A shock serpent zombie (Crypt:1)
  10 fauns
  18 ugly things
  13 manticores
  A meliai (shapeshifter) (Elf:1)
  A moth of wrath (Spider:4)
  12 elephants
  4 black mambas
  13 merfolk sirens
  An ice statue (IceCv)
  6 meliai
  2 torpor snails
  A smoke demon (D:11)
  3 gargoyles
  15 cane toads
  15 vault sentinels
  8 water nymphs
  4 kobold demonologists
  An unseen horror (D:12)
  Maggie (Lair:1)
  2 death yak zombies (Crypt:1)
  A tengu conjurer (D:14)
  9 komodo dragons
  4 freezing wraiths
  2 efreet
  18 yaktaurs
  Psyche (D:10)
  A harpy zombie (Crypt:1)
  13 polar bears
  A queen bee (shapeshifter) (Elf:1)
  11 trolls
  10 wind drakes
  2 tyrant leeches (Lair:5)
  4 hornets (Spider:4)
  24 merfolk
  12 snapping turtles
  A harpy skeleton (Crypt:1)
  44 tarantellas
  A hydra skeleton (Crypt:1)
  A satyr zombie (Crypt:1)
  4 dream sheep
  17 blink frogs
  28 jumping spiders
  A centaur simulacrum (D:14)
  A spriggan (shapeshifter) (D:14)
  A shadow (D:11)
  A fire dragon skeleton (Crypt:1)
  26 slime creatures
  23 culicivoras
  4 water elementals
  60 yaks
  4 air elementals
  6 fire elementals
  3 wyverns
  A ynoxinul (D:11)
  6 wraiths
  3 wargs (Orc:1)
  62 redbacks
  5 basilisks
  A chaos spawn (D:11)
  2 elf skeletons (Vaults:2)
  9 vampire mosquitoes
  Edmund (D:6)
  A human simulacrum (Vaults:2)
  A harpy simulacrum (Crypt:1)
  A steam dragon (D:9)
  A swamp worm (shapeshifter) (Vaults:4)
  A deep troll zombie (Crypt:1)
  5 acid dragons
  An ogre skeleton (Vaults:2)
  14 water moccasins
  35 orc warriors
  An ice beast (Vaults:2)
  3 sky beasts
  25 laughing skulls
  A black bear (D:7)
  7 ogres
  24 wolves
  10 centaurs
  4 boggarts (Vaults:1)
  An elf simulacrum (Vaults:2)
  A dream sheep skeleton (Crypt:1)
  A phantom (D:6)
  3 kobold brigands
  25 bullfrogs
  7 earth elementals
  A gnoll sergeant (D:10)
  4 scorpions
  A glowing shapeshifter simulacrum (Vaults:2)
  3 killer bees (D:4)
  A yak skeleton (Crypt:1)
  2 electric eels
  5 howler monkeys
  A quasit (D:10)
  2 hounds (D:4)
  2 bombardier beetles
  7 jellies
  26 orc priests
  4 gnoll boudas
  A sleepcap (D:8)
  Crazy Yiuf (D:2)
  2 iguanas
  Ijyb (D:3)
  Terence (D:2)
  23 orc wizards
  A crocodile skeleton (Crypt:1)
  18 gnolls
  11 adders
  2 shadow imps
  2 white imps
  2 ufetubi (D:6)
  10 dart slugs
  A ribbon worm (D:3)
  95 orcs
  5 ball pythons
  7 endoplasms
  9 giant cockroaches
  6 goblins
  7 hobgoblins
  3 quokkas
  6 bats
  11 frilled lizards
  12 kobolds
  4 rats
1643 creatures vanquished.

Vanquished Creatures (others)
  A death yak (IceCv)
  A deep elf knight (Elf:3)
  A deep elf pyromancer (Elf:3)
  An arcanist (D:7)
  A water elemental (Elf:1)
  A culicivora (Spider:3)
  A warg (Elf:3)
  2 orc warriors (Elf:3)
  An orc wizard (D:10)
  An orc (Elf:3)
  A quokka (D:6)
12 creatures vanquished.

Grand Total: 1655 creatures vanquished

Notes
Turn   | Place    | Note
-------+----------+-------------------------------------------
     0 | D:1      | Esekla the Vine Stalker Necromancer began the quest for the
                  | Orb.
     0 | D:1      | Reached XP level 1. HP: 9/9 MP: 4/4
    78 | D:1      | Reached XP level 2. HP: 14/14 MP: 6/6
   646 | D:2      | Reached XP level 3. HP: 12/17 MP: 5/7
   655 | D:2      | Learned a level 3 spell: Vampiric Draining
   826 | D:2      | Found a runed translucent door.
   827 | D:2      | Noticed Crazy Yiuf
  1145 | D:2      | Found an ornate altar of the Wu Jian Council.
  1157 | D:2      | Learned a level 1 spell: Apportation
  1180 | D:2      | Noticed Terence
  1290 | D:3      | Reached XP level 4. HP: 21/21 MP: 0/8
  1359 | D:3      | Reached skill level 5 in Necromancy
  1404 | D:3      | Reached skill level 1 in Fighting
  1504 | D:3      | Found an ancient bone altar of Kikubaaqudgha.
  1541 | D:3      | Reached skill level 1 in Ice Magic
  1632 | D:3      | Reached XP level 5. HP: 25/25 MP: 10/10
  1647 | D:3      | Found a glowing drain.
  1651 | Sewer    | Entered a sewer
  2074 | Sewer    | Reached skill level 1 in Short Blades
  2074 | Sewer    | Reached skill level 3 in Spellcasting
  2074 | Sewer    | Reached XP level 6. HP: 13/30 MP: 6/11
  2452 | D:3      | Noticed Ijyb
  2940 | D:4      | Found a staircase to the Ecumenical Temple.
  2947 | Temple   | Entered the Ecumenical Temple
  3123 | D:4      | Learned a level 3 spell: Frozen Ramparts
  3282 | D:3      | Killed Ijyb
  3484 | D:4      | Found a runed translucent gate.
  3485 | D:4      | Found a runed translucent gate.
  3486 | D:4      | Found a runed translucent gate.
  3490 | D:4      | Noticed Splishie's ghost (amateur GnWn)
  3532 | D:4      | Reached XP level 7. HP: 25/35 MP: 4/13
  3715 | D:4      | Reached skill level 4 in Spellcasting
  3791 | D:4      | Found a large runed translucent door.
  3795 | D:4      | Found a large runed translucent door.
  3853 | D:4      | Learned a level 4 spell: Dispel Undead
  3862 | D:4      | Identified the +2 plate armour "Xetol" {*Corrode Regen+
                  | Str+3 Dex+3}
  3880 | D:4      | Identified the +1 robe of Aptaebey {Dex+3}
  4020 | D:4      | Found a large runed translucent door.
  4020 | D:4      | Found a large runed translucent door.
  4082 | D:4      | Gained mutation: You have razor-sharp teeth. [Vine Stalker
                  | growth]
  4082 | D:4      | Reached XP level 8. HP: 5/39 MP: 1/15
  4506 | D:5      | Entered Level 5 of the Dungeon
  5649 | D:6      | Reached skill level 5 in Spellcasting
  5855 | D:6      | Identified the +6 trident of Waiji {flame, Int+6 Dex+5}
  5879 | D:6      | Found a white marble altar of Elyvilon.
  6072 | D:6      | Noticed Jeremiah
  6091 | D:7      | Found a transporter.
  6125 | D:7      | Identified the +3 falchion of Beogh {drain, ^Contam rN+++
                  | Str-4 Stlth+}
  6165 | D:7      | Found an ornate altar of the Wu Jian Council.
  6207 | D:7      | Found a bloodstained altar of Trog.
  6208 | D:7      | Noticed a wizard
  6213 | D:7      | Killed a wizard
  6334 | D:7      | Found a transporter.
  6334 | D:7      | Noticed a two-headed ogre
  6336 | D:7      | Noticed a moth of wrath
  6354 | D:7      | Found a bloodstained altar of Trog.
  6354 | D:7      | Noticed voltaire321's ghost (novice DEEE)
  6662 | D:8      | Reached skill level 1 in Polearms
  6666 | D:8      | Reached skill level 6 in Spellcasting
  6713 | D:8      | Noticed a brown ugly thing
  6714 | D:8      | Noticed a yak
  6714 | D:8      | Noticed a yak
  6737 | D:7      | Reached XP level 9. HP: 42/44 MP: 13/19
  7025 | D:6      | Learned a level 2 spell: Scorch
  7324 | D:6      | Noticed Edmund
  7382 | D:6      | Killed Edmund
  7711 | D:2      | Killed Terence
  7828 | D:2      | Killed Crazy Yiuf
  8076 | D:3      | Reached skill level 5 in Ice Magic
  8283 | D:4      | Reached skill level 1 in Fire Magic
  8402 | D:4      | Reached skill level 7 in Spellcasting
  8654 | D:5      | Reached skill level 1 in Shields
  8739 | D:7      | Identified the +4 scale mail of Araesunt {rC- rCorr SInv}
  9319 | D:8      | Reached skill level 1 in Throwing
  9319 | D:8      | Reached XP level 10. HP: 48/49 MP: 19/22
  9337 | D:8      | Found a transporter.
  9388 | D:8      | Found a glowing golden altar of the Shining One.
  9388 | D:8      | Noticed a manticore
  9389 | D:8      | Noticed a centaur warrior
  9396 | D:8      | Found a transporter.
  9730 | D:9      | Found a radiant altar of Vehumet.
  9736 | D:9      | Became a worshipper of Vehumet
  9869 | D:9      | Reached skill level 8 in Spellcasting
  9876 | D:9      | Found a staircase to the Lair.
  9915 | D:8      | Learned a level 2 spell: Searing Ray
 10058 | D:9      | Found a roughly hewn altar of Beogh.
 10225 | D:9      | Found a staircase to the Orcish Mines.
 10339 | D:9      | Reached * piety under Vehumet
 10339 | D:9      | Offered knowledge of Sandblast by Vehumet.
 10536 | D:9      | Reached skill level 1 in Conjurations
 10708 | Lair:1   | Entered Level 1 of the Lair of Beasts
 10708 | Lair:1   | Noticed a cane toad
 10721 | Lair:1   | Killed a cane toad
 10722 | Lair:1   | Reached skill level 5 in Stealth
 10722 | Lair:1   | Reached skill level 1 in Air Magic
 10778 | Lair:1   | Noticed a cane toad
 10785 | Lair:1   | Killed a cane toad
 10786 | Lair:1   | Reached XP level 11. HP: 54/54 MP: 21/24
 11100 | Lair:1   | Identified the flux talisman of Hide-and-Seek {*Corrode
                  | rPois MP+9}
 11195 | Lair:1   | Noticed Maggie
 11221 | Lair:1   | Reached skill level 9 in Spellcasting
 11372 | Lair:1   | Killed Maggie
 11724 | Lair:1   | Noticed a death yak
 11749 | Lair:1   | Noticed a death yak
 11772 | Lair:1   | Killed a death yak
 11773 | Lair:1   | Reached skill level 5 in Fighting
 11889 | Lair:1   | Noticed a death yak
 11905 | Lair:1   | Killed a death yak
 12038 | Lair:1   | Killed a death yak
 12179 | Lair:2   | Found a hole to the Spider Nest.
 12311 | Lair:2   | Offered knowledge of Static Discharge by Vehumet.
 12313 | Lair:2   | Reached ** piety under Vehumet
 12393 | Lair:2   | Learned a level 2 spell: Blink
 12435 | Lair:2   | Reached skill level 10 in Spellcasting
 12495 | Lair:2   | Reached XP level 12. HP: 60/60 MP: 27/27
 12567 | Lair:2   | Noticed a six-headed hydra
 12575 | Lair:2   | Killed a six-headed hydra
 12859 | Lair:2   | Found a runed translucent door.
 12862 | Lair:2   | Identified the +1 trident of Exoneration {venom, rF- Str+3
                  | Int+3 Dex+2}
 12898 | Lair:2   | Learned a level 4 spell: Airstrike
 12951 | Lair:2   | Learned a level 2 spell: Mercury Vapours
 13061 | Lair:2   | Noticed BerryKnight's ghost (journeyman MDRe)
 13170 | Lair:3   | Reached skill level 1 in Alchemy
 13171 | Lair:3   | Offered knowledge of Inner Flame by Vehumet.
 13190 | Lair:3   | Reached skill level 11 in Spellcasting
 13214 | Lair:3   | Noticed a death yak
 13220 | Lair:3   | Found a frozen archway.
 13265 | Lair:3   | Learned a level 4 spell: Olgreb's Toxic Radiance
 13273 | IceCv    | Entered an ice cave
 13352 | IceCv    | Reached *** piety under Vehumet
 13436 | IceCv    | Identified the +7 rapier "Jeosiude" {pain, rC+}
 13460 | IceCv    | Reached skill level 5 in Polearms
 13657 | IceCv    | Offered knowledge of Dazzling Flash by Vehumet.
 13728 | IceCv    | Reached XP level 13. HP: 65/65 MP: 21/29
 14321 | IceCv    | Identified the +1 helmet of Defence {+Blink Regen+}
 14592 | IceCv    | Identified the +5 orcbow "Vahuf" {drain, rElec rC+ Int+2}
 14744 | IceCv    | Reached **** piety under Vehumet
 15155 | Lair:3   | Found a staircase to the Shoals.
 15156 | Lair:3   | Offered knowledge of Freezing Cloud by Vehumet.
 15166 | Lair:3   | Learned a level 5 spell: Freezing Cloud
 15372 | Lair:3   | Upgraded the game from 0.32-a0-306-gfed3edf829 to
                  | 0.32-a0-314-g526f7d4993
 15532 | Lair:3   | Reached skill level 12 in Spellcasting
 15541 | Lair:3   | Learned a level 3 spell: Ozocubu's Armour
 16433 | Orc:1    | Entered Level 1 of the Orcish Mines
 16641 | Orc:1    | Found a roughly hewn altar of Beogh.
 16832 | Orc:2    | Entered Level 2 of the Orcish Mines
 16832 | Orc:2    | Noticed an ettin
 16862 | Orc:1    | Killed an ettin
 16863 | Orc:1    | Reached skill level 1 in Armour
 16893 | Orc:2    | Found a flickering gateway to a bazaar.
 16923 | Bazaar   | Entered a bazaar
 17019 | Bazaar   | Found Nariqa's Jewellery Boutique.
 17041 | Bazaar   | Found Boocar's Assorted Antiques.
 17054 | Bazaar   | Found Luen's Book Boutique.
 17073 | Bazaar   | Found Qooqaule's Antique Armour Shoppe.
 17110 | Bazaar   | Bought a scroll labelled OCUALO GUAMEWN for 26 gold pieces
 17110 | Bazaar   | Bought a lumpy blue potion for 23 gold pieces
 17110 | Bazaar   | Bought a fizzy puce potion for 23 gold pieces
 17110 | Bazaar   | Bought a scroll labelled XOAKOJ HOACSY for 26 gold pieces
 17140 | Bazaar   | Bought a runed buckler for 262 gold pieces
 17170 | Bazaar   | Bought a book of Spontaneous Combustion for 418 gold pieces
 17170 | Bazaar   | Bought a book of Weapons for 308 gold pieces
 17663 | Orc:2    | Found a staircase to the Elven Halls.
 17737 | Orc:2    | Gained mutation: You occasionally shout uncontrollably at
                  | your foes. [a neqoxec]
 17747 | Orc:2    | Reached skill level 5 in Alchemy
 17751 | Orc:2    | Reached XP level 14. HP: 49/72 MP: 22/31
 17754 | Orc:2    | Reached ***** piety under Vehumet
 17936 | Orc:2    | Offered knowledge of Brom's Barrelling Boulder by Vehumet.
 17947 | Orc:2    | Reached skill level 13 in Spellcasting
 18369 | Orc:2    | Found Zuobracue's Weapon Shoppe.
 18369 | Orc:2    | Found Fuosatoji's Magic Scroll Shoppe.
 18370 | Orc:2    | Found Xuili's Book Shoppe.
 18370 | Orc:2    | Found Edakh's Antique Armour Emporium.
 18383 | Orc:2    | Bought a scroll of identify for 28 gold pieces
 18383 | Orc:2    | Bought a scroll of identify for 28 gold pieces
 18383 | Orc:2    | Bought a scroll of identify for 28 gold pieces
 18387 | Orc:2    | Bought a faintly humming ring mail for 189 gold pieces
 18387 | Orc:2    | Identified the +7 ring mail of Debbeph {rC+++ Str-4 Int+5}
                  | (You bought it in a shop on level 2 of the Orcish Mines)
 18395 | Orc:2    | Bought an embroidered robe for 77 gold pieces
 18845 | Lair:4   | Reached skill level 5 in Short Blades
 19001 | Lair:4   | Noticed Urug
 19007 | Lair:4   | Killed Urug
 19029 | Lair:4   | Noticed Josephine
 19058 | Lair:4   | Killed Josephine
 19169 | Lair:4   | Learned a level 5 spell: Irradiate
 19797 | Lair:5   | Entered Level 5 of the Lair of Beasts
 19948 | Lair:5   | Reached skill level 1 in Translocations
 20011 | Lair:5   | Reached skill level 14 in Spellcasting
 20063 | Lair:5   | Upgraded the game from 0.32-a0-314-g526f7d4993 to
                  | 0.32-a0-329-ge6c31236d6
 20188 | Lair:5   | Found a viscous altar of Jiyva.
 20188 | Lair:5   | Found a staircase to the Slime Pits.
 20231 | Lair:5   | Offered knowledge of Iskenderun's Battlesphere by Vehumet.
 20550 | Lair:5   | Reached XP level 15. HP: 78/78 MP: 30/34
 20641 | Lair:5   | Identified a scroll of acquirement
 21368 | D:10     | Entered Level 10 of the Dungeon
 21391 | D:10     | Found a shimmering altar of Xom.
 21590 | D:10     | Noticed Psyche
 21599 | D:10     | Killed Psyche
 21600 | D:10     | Reached skill level 5 in Shields
 22472 | D:10     | Noticed Fannar
 22484 | D:10     | Killed Fannar
 23153 | D:11     | Reached skill level 5 in Dodging
 23233 | D:11     | Found a broken altar of Ashenzari.
 23442 | D:11     | Reached skill level 15 in Spellcasting
 23859 | D:12     | Found an ancient bone altar of Kikubaaqudgha.
 23985 | D:12     | HP: 3/79 [efreet/+4 scimitar of flaming (2)]
 23988 | D:12     | Offered knowledge of Fireball by Vehumet.
 25347 | D:13     | Found a gate to the Vaults.
 26158 | D:14     | Learned a level 5 spell: Fireball
 26349 | D:14     | Reached XP level 16. HP: 84/84 MP: 36/36
 26356 | D:14     | Reached skill level 16 in Spellcasting
 26431 | D:14     | Found Sytuaf's Fire Supplies.
 26549 | D:14     | Identified the +8 mace of Iggotwy {protect, rF+ Will++
                  | Str+4 Dex-5}
 26589 | D:14     | Found a runed translucent door.
 26589 | D:14     | Noticed Kibis's ghost (journeyman DsGl)
 26702 | D:15     | Entered Level 15 of the Dungeon
 26838 | D:15     | Found a staircase to the Depths.
 26879 | D:15     | Found a shimmering blue altar of Sif Muna.
 27268 | D:15     | Reached skill level 5 in Air Magic
 28283 | D:14     | Bought a +1 cloak of fire resistance for 247 gold pieces
 28291 | D:14     | Acquired 656 gold pieces
 28297 | D:14     | Learned a level 3 spell: Fugue of the Fallen
 28456 | Spider:1 | Entered Level 1 of the Spider Nest
 28474 | Spider:1 | Offered knowledge of Lee's Rapid Deconstruction by Vehumet.
 28537 | Spider:1 | Noticed Louise
 28827 | Spider:1 | Killed Louise
 29052 | Lair:2   | Upgraded the game from 0.32-a0-329-ge6c31236d6 to
                  | 0.32-a0-361-g289a535e89
 29301 | Spider:1 | Reached skill level 17 in Spellcasting
 29303 | Spider:1 | Reached skill level 10 in Fighting
 29863 | Spider:2 | Noticed Jorgrun
 29884 | Spider:2 | Offered knowledge of Starburst by Vehumet.
 30123 | Spider:2 | Killed Jorgrun
 30124 | Spider:2 | Reached XP level 17. HP: 27/89 MP: 27/39
 31362 | Spider:3 | Reached ****** piety under Vehumet
 31998 | Spider:3 | Reached skill level 5 in Conjurations
 32311 | Spider:4 | Entered Level 4 of the Spider Nest
 32340 | Spider:4 | Reached skill level 18 in Spellcasting
 32673 | Spider:4 | Offered knowledge of Orb of Destruction by Vehumet.
 32674 | Spider:4 | Reached skill level 5 in Armour
 33559 | Spider:4 | Gained mutation: You sometimes lose your temper in combat.
                  | [mutagenic glow]
 34174 | Spider:4 | Reached XP level 18. HP: 95/95 MP: 37/41
 34346 | Spider:4 | Offered knowledge of Maxwell's Capacitive Coupling by
                  | Vehumet.
 34619 | Spider:2 | Lost mutation: You sometimes lose your temper in combat.
                  | [potion of mutation]
 34619 | Spider:2 | Lost mutation: You occasionally shout uncontrollably at
                  | your foes. [potion of mutation]
 34619 | Spider:2 | Gained mutation: You occasionally lose the ability to read
                  | scrolls when taking damage. [potion of mutation]
 34619 | Spider:2 | Gained mutation: You have sharp toenails. [potion of
                  | mutation]
 34619 | Spider:2 | Gained mutation: You have hidden genetic potential. [potion
                  | of mutation]
 34911 | Spider:4 | Upgraded the game from 0.32-a0-361-g289a535e89 to
                  | 0.32-a0-391-gce5c0aab1b
 35389 | Spider:4 | Reached skill level 19 in Spellcasting
 35595 | Spider:4 | Got a gossamer rune of Zot
 35765 | Shoals:1 | Entered Level 1 of the Shoals
 35898 | Shoals:1 | Found a flickering gateway to a bazaar.
 35929 | Bazaar   | Entered a bazaar
 35936 | Bazaar   | Found Anamew's Jewellery Boutique.
 35953 | Bazaar   | Found Turofoos's Armour Boutique.
 35963 | Bazaar   | Found Picwimn's Armour Shop.
 35971 | Bazaar   | Found Jotzer's Distillery.
 36957 | Shoals:2 | Noticed Polyphemus
 36978 | Shoals:2 | Reached skill level 10 in Ice Magic
 37262 | Shoals:2 | Noticed Ilsuiw
 37311 | Shoals:2 | Killed Ilsuiw
 37349 | Shoals:2 | Learned a level 8 spell: Maxwell's Capacitive Coupling
 37643 | D:14     | Killed Kibis's ghost
 37681 | D:14     | Identified the +0 scimitar of Objectivity {heavy, Int+3}
 37737 | D:13     | Learned a level 7 spell: Ozocubu's Refrigeration
 38296 | Shoals:2 | Killed Polyphemus
 38732 | Shoals:3 | Offered knowledge of Lehudib's Crystal Spear by Vehumet.
 38732 | Shoals:3 | Offered knowledge of Fire Storm by Vehumet.
 38732 | Shoals:3 | Offered knowledge of Chain Lightning by Vehumet.
 39725 | Shoals:4 | Entered Level 4 of the Shoals
 39871 | Shoals:4 | Reached XP level 19. HP: 101/101 MP: 43/43
 40078 | Shoals:4 | Reached skill level 20 in Spellcasting
 40098 | Shoals:4 | Gained mutation: You are strong-willed. (Will+) [hidden
                  | potential]
 40478 | Shoals:4 | Got a barnacled rune of Zot
 40480 | Shoals:4 | Got an azure gem with 0 turns to spare
 40603 | Shoals:4 | Identified the +11 short sword "Killer Bee's Bane" {vamp,
                  | rN+}
 41094 | Shoals:4 | Upgraded the game from 0.32-a0-391-gce5c0aab1b to
                  | 0.32-a0-411-g744942f433
 41410 | Vaults:1 | Entered Level 1 of the Vaults
 42092 | Vaults:1 | Noticed Saint Roka
 42106 | Vaults:1 | Killed Saint Roka
 42455 | Vaults:1 | Paralysed by a formless jellyfish for 1 turns
 42458 | Vaults:1 | Paralysed by a formless jellyfish for 1 turns
 42554 | Vaults:1 | Identified the +1 robe "Tota" {^Contam +Inv rN+++ Slay-4}
 42801 | Vaults:1 | Reached skill level 21 in Spellcasting
 42956 | Vaults:1 | Learned a level 4 spell: Iskenderun's Mystic Blast
 43001 | Vaults:1 | Reached XP level 20. HP: 26/107 MP: 23/46
 43433 | Orc:2    | Bought 2 scrolls of enchant armour for 210 gold pieces
 43916 | Vaults:2 | Found a staircase to the Crypt.
 43996 | Vaults:2 | Reached skill level 10 in Necromancy
 44010 | Vaults:2 | Gained mutation: You are partially covered in iridescent
                  | scales. (AC +2) [hidden potential]
 44010 | Vaults:2 | Lost mutation: You have hidden genetic potential. [hidden
                  | potential expressed]
 44092 | Vaults:2 | Noticed Norris
 44643 | Vaults:2 | Acquired the Spellbook of Sweltering Locality
 44736 | Vaults:2 | You fall into a shaft and drop 2 floors!
 44929 | Vaults:4 | Found Xaati's Jewellery Shoppe.
 44954 | Vaults:4 | Paralysed by a formless jellyfish for 1 turns
 45025 | Vaults:4 | Found Heufoj's Armour Shoppe.
 45042 | Vaults:4 | Found Kosch's Weapon Shop.
 45171 | Vaults:4 | Found Xef Rirgh's Armour Shoppe.
 45207 | Vaults:4 | Noticed Mara
 45291 | Vaults:4 | Found Pyula's Distillery.
 45405 | Vaults:4 | Bought the +11 Singing Sword {sonic wave} for 1600 gold
                  | pieces
 45405 | Vaults:4 | Found the +11 Singing Sword {sonic wave}
 45460 | Vaults:4 | Bought a +2 pair of gloves of strength for 494 gold pieces
 45527 | Vaults:3 | Reached skill level 10 in Alchemy
 45593 | Vaults:3 | Reached skill level 1 in Long Blades
 45772 | Vaults:3 | Found a flickering gateway to a bazaar.
 45866 | Bazaar   | Entered a bazaar
 45875 | Bazaar   | Found Ucianaux's Antique Weapon Shoppe.
 45878 | Bazaar   | Found Kesuc's Magic Scroll Emporium.
 45882 | Bazaar   | Found Yceuletu's Armour Emporium.
 45888 | Bazaar   | Found Olaylaff's Weapon Emporium.
 45898 | Bazaar   | Found Nunil's Distillery.
 46070 | Vaults:2 | Killed Norris
 46136 | Vaults:2 | Acquired 993 gold pieces
 46830 | Vaults:3 | Reached skill level 22 in Spellcasting
 46840 | Vaults:3 | Reached XP level 21. HP: 48/113 MP: 37/48
 47053 | Vaults:3 | Found a white marble altar of Elyvilon.
 47652 | Vaults:4 | Noticed Esekla's illusion
 47667 | Vaults:4 | Killed Mara
 48468 | Elf:1    | Entered Level 1 of the Elven Halls
 48468 | Elf:1    | Found a runed translucent gate.
 48468 | Elf:1    | Found a runed translucent gate.
 48468 | Elf:1    | Found a runed translucent gate.
 48468 | Elf:1    | Found a runed translucent gate.
 48468 | Elf:1    | Found a runed translucent gate.
 48468 | Elf:1    | Found a runed translucent gate.
 48471 | Elf:1    | Found a runed translucent door.
 48479 | Elf:1    | Found a runed translucent door.
 48656 | Elf:1    | Learned a level 4 spell: Ignite Poison
 48833 | Elf:1    | Noticed Zenata
 48846 | Elf:1    | Killed Zenata
 49030 | Elf:1    | Paralysed by an air elemental for 1 turns
 49438 | Spider:2 | Lost mutation: You occasionally lose the ability to read
                  | scrolls when taking damage. [potion of mutation]
 49438 | Spider:2 | Lost mutation: You are strong-willed. (Will+) [potion of
                  | mutation]
 49438 | Spider:2 | Lost mutation: You are partially covered in iridescent
                  | scales. (AC +2) [potion of mutation]
 49438 | Spider:2 | Gained mutation: You have hidden genetic defects. [potion
                  | of mutation]
 49438 | Spider:2 | Gained mutation: You expend magic power (3 MP) to
                  | strengthen your wands. [potion of mutation]
 49438 | Spider:2 | Gained mutation: Your spells are a little harder to cast,
                  | but a little more powerful. [potion of mutation]
 49439 | Spider:2 | Lost mutation: You have sharp toenails. [potion of
                  | mutation]
 49439 | Spider:2 | Lost mutation: You expend magic power (3 MP) to strengthen
                  | your wands. [potion of mutation]
 49439 | Spider:2 | Lost mutation: Your spells are a little harder to cast, but
                  | a little more powerful. [potion of mutation]
 49439 | Spider:2 | Gained mutation: You have a pair of small antennae on your
                  | head. [potion of mutation]
 49439 | Spider:2 | Gained mutation: You are robust. (+10% HP) [potion of
                  | mutation]
 49536 | Spider:4 | Lost mutation: You have hidden genetic defects. [potion of
                  | mutation]
 49536 | Spider:4 | Lost mutation: You are robust. (+10% HP) [potion of
                  | mutation]
 49536 | Spider:4 | Gained mutation: You possess an exceptional clarity of
                  | mind. [potion of mutation]
 49536 | Spider:4 | Gained mutation: You have a pair of antennae on your head.
                  | [potion of mutation]
 49536 | Spider:4 | Lost mutation: You possess an exceptional clarity of mind.
                  | [potion of mutation]
 49801 | Elf:1    | Identified the +6 chain mail "Ystryots" {+Blink rElec rC-
                  | Dex-2}
 49873 | Elf:1    | Found Taclasuq's Antique Weapon Shoppe.
 50017 | Elf:1    | Reached skill level 10 in Air Magic
 50102 | Elf:1    | Reached skill level 5 in Long Blades
 50418 | Elf:1    | Paralysed by an air elemental for 1 turns
 50928 | Elf:2    | Paralysed by an air elemental for 1 turns
 50938 | Elf:2    | Paralysed by an air elemental for 1 turns
 51044 | Elf:1    | Paralysed by an air elemental for 1 turns
 51367 | Elf:2    | Noticed Roxanne
 51875 | Elf:2    | Reached skill level 23 in Spellcasting
 51880 | Elf:2    | Found a runed translucent gate.
 51933 | Elf:2    | Found a runed translucent gate.
 51933 | Elf:2    | Found a runed translucent gate.
 51936 | Elf:2    | Reached XP level 22. HP: 119/119 MP: 50/50
 51942 | Elf:2    | Learned a level 4 spell: Sticky Flame
 52683 | Elf:2    | Noticed Nikola
 52721 | Elf:2    | Killed Nikola
 53114 | Elf:3    | Entered Level 3 of the Elven Halls
 54082 | Elf:3    | Identified the staff "Aweuxkun" {*Corrode rPois rN+ Earth}
 54082 | Elf:3    | Identified the +2 robe of Dramatic Exits {Fly rElec Will+++
                  | Str-3 Archmagi}
 54082 | Elf:3    | Identified the ring "Niak" {rF+ Int+6}
 54082 | Elf:3    | Noticed Boris
 54441 | Elf:3    | Killed Boris
 54565 | Elf:3    | Identified the amulet "Yttul" {Spirit Dex+3}
 54732 | Elf:3    | Identified the +2 cloak of Vanity {Slay+3}
 54819 | Elf:3    | Identified the +0 dagger of Zauqaic {freeze, rPois}
 54820 | Elf:3    | Identified the +7 dagger of the Gnashing Badger {heavy,
                  | rPois Will+ MP+9}
 54826 | Elf:3    | Identified the +5 falchion of Ru's Scorn {freeze, ^Drain
                  | MP+9 Int+4}
 54835 | Elf:3    | Identified the staff of Havoc {rF+ rC+ Fire}
 54846 | Elf:3    | Got the Writings on Nephomancy and the Blizzard
 55204 | Crypt:1  | Entered Level 1 of the Crypt
 55251 | Crypt:1  | Acquired 720 gold pieces
 55403 | Crypt:1  | Identified the +3 robe of Farfalle {rF+ rC+ Archmagi}
 55403 | Crypt:1  | Noticed Boris
 56303 | Crypt:1  | Killed Boris
 56738 | Crypt:1  | Found a runed translucent door.
 56742 | Crypt:1  | Found a shimmering altar of Xom.
 56742 | Crypt:1  | Noticed Uroast's ghost (veteran MiGl)
 56967 | Crypt:1  | Noticed Vv
 57082 | Vaults:2 | Upgraded the game from 0.32-a0-411-g744942f433 to
                  | 0.32-a0-422-g28b100f618
 57118 | Crypt:1  | Reached skill level 24 in Spellcasting
 57754 | Crypt:1  | HP: 4/113 [Vv (3)]
 57754 | Crypt:1  | Mangled by Vv

Illustrated notes

Levels and vault maps discovered:
D:1:      dpeg_arrival_erosion, layout_basic, minmay_stone_trees_small
D:2:      layout_loops_ring, basic_altar, uniq_terence, uniq_crazy_yiuf_cottage
D:3:      layout_loops_ring, lemuel_coloured_pillars_altar,
          mainiacjoe_sewer_entry_somewhere_in_here_2, grunt_ministairs_12,
          uniq_ijyb
D:4:      layout_basic, minmay_temple_entry_fiery,
          gammafunk_ghost_nasty_kobolds, serial_bayou_pond_a,
          minmay_hollow_rounded_squares
D:5:      layout_basic, dreamdust_princess_corridor
D:6:      layout_loops_corners, elyvilon_altar_4, uniq_edmund, uniq_jeremiah
D:7:      layout_basic, trog_wizard, nzn_wu_jian_council_hall,
          gammafunk_ghost_wrathful_warriors, moated_statue
D:8:      layout_basic, gammafunk_temple_overflow_arena
D:9:      layout_roguey [special_room_orc], mainiacjoe_overflow_alcove_2,
          dpeg_oklobed_lair, serial_rivers, chequers_serial_rivers_marsh,
          chequers_serial_rivers_marsh, chequers_serial_rivers_room_b,
          chequers_serial_rivers_small_a
D:10:     layout_rooms, mainiacjoe_overflow_concentric_impassable,
          minmay_misc_feat_encased, eino_small_chamber_without_monster,
          kennysheep_generic_room_10, uniq_fannar, uniq_psyche
D:11:     layout_basic, serial_demonic, serial_demonic_d, serial_demonic_d,
          serial_demonic_d, serial_demonic_c, grunt_ministairs_2,
          nicolae_ashenzari_skybound
D:12:     minmay_curly_fans, layout_cave_pods, kiku_gazebo_garden_becter
D:13:     layout_long_grid, david_vaults_1, hex_medium
D:14:     layout_cave_pools, ebering_ghost_inner_flame, palyth_stone_intersect,
          nicolae_shop_fire_sale [nicolae_sub_dead_trees]
D:15:     gammafunk_depths_entry_grave, layout_layer_cave,
          hellmonk_sif_muna_bookshelves, hangedman_decor_slide_cut
Temple:   eino_wide_crystal_templ
Lair:1:   layout_concentric_octagons, uniq_maggie
Lair:2:   layout_gridlike, spider_nest_entry_web_field,
          ebering_ghost_funeral_grove, beast_lair_carwin_11
Lair:3:   layout_chaotic_city, minmay_shoals_entry_centaurs,
          portal_ice_cave_entry_pillars_1
Lair:4:   layout_regular_city, lemuel_fruit_fields, infiniplex_staircase_pool_2,
          lemuel_fruit_fields, uniq_urug, uniq_josephine
Lair:5:   minmay_lair_end_frog_pond, layout_big_grid,
          nicolae_slime_entry_field_trip, st_stairs_8, lemuel_fruit_tree
Shoals:1: layout_shoals, serial_shops, bzr_entry_dummy
Shoals:2: layout_shoals, uniq_polyphemus, uniq_ilsuiw
Shoals:3: layout_shoals
Shoals:4: shoals_end_simple, layout_shoals, nicolae_shoals_water_booths
Spider:1: nicolae_spider_mines_1, nicolae_spider_nook, uniq_louise
Spider:2: layout_spider_delve, uniq_jorgrun
Spider:3: layout_spider_delve
Spider:4: spider_rune_water, nicolae_spider_bug_shape
Orc:1:    layout_diamond_mine, basic_altar
Orc:2:    st_orc_pillars, layout_diamond_mine, serial_shops, bzr_entry_gold
Elf:1:    nicolae_elf_arrival_dilemma, layout_rooms, serial_corexii_hall,
          chequers_hall_statues_wall_a, chequers_hall_statues_wall_a,
          corexii_hall_statues_t, corexii_hall_statues_t,
          corexii_hall_statues_l, corexii_hall_statues_x, serial_shops,
          nicolae_lakefront_shop, evilmike_minifort, elves_outpost_lemuel,
          uniq_zenata
Elf:2:    nicolae_elf_blades_splatter_lattice [nicolae_blade_tridents],
          layout_onion_city, uniq_nikola, uniq_roxanne
Elf:3:    elf_hall_gauntlet_wide, layout_geoelf_diagonals, uniq_boris
Vaults:1: v_misc_19, nicolae_vaults_stairing_the_circle, grunt_vaults_twisty,
          nicolae_vaults_stepped_doors, v_alt_pattern_6,
          nicolae_vaults_three_branches, vaults_room_semicircle,
          nicolae_vaults_tetromino_Z_1, ontoclasm_vaults_decontamination,
          nicolae_vaults_spaceships, layout_vaults_omnigrid, uniq_saint_roka
Vaults:2: minmay_crypt_entry_simple_box, nicolae_vaults_network_quinsquares
          [nicolae_vaults_network_quincunx_subvault,
          nicolae_vaults_network_quincunx_subvault,
          nicolae_vaults_network_quincunx_subvault,
          nicolae_vaults_network_quincunx_subvault], nicolae_vaults_big_ls,
          dpeg_vaults_monster_row, nicolae_vaults_heart-shaped_vault,
          ontoclasm_vaults_misaligned, nicolae_vaults_windows_and_doors_thing,
          nicolae_vaults_two_Ls, nicolae_vaults_variable_pillar_hall,
          serial_ice_g, nicolae_vaults_closet_pinwheel_4,
          nicolae_vaults_tetromino_Z_1, vaults_room_fancy_cross,
          nicolae_vaults_rhombus_7, nicolae_vaults_theta, layout_vaults_omnibox,
          uniq_norris
Vaults:3: nicolae_vaults_triangles, nicolae_vaults_offset_grid_hallway_4,
          serial_library_regret_index_small_wings, lemuel_angel_altar,
          nicolae_vaults_little_ls, nicolae_vaults_little_squares_6,
          nicolae_vaults_closet_pinwheel_4, ontoclasm_vaults_ring_square,
          v_rooms_6, layout_vaults_omnicross, serial_shops, freezing_bzr,
          uniq_margery
Vaults:4: nicolae_vaults_network_s, ontoclasm_vaults_ring_square,
          nicolae_vaults_sesquioval_fish, v_misc_13,
          nicolae_vaults_tetromino_T_1, hangedman_vaults_stretched_pinwheel,
          vaults_dpeg_ring, vaults_mumra_hex, nicolae_vaults_two_Ls,
          layout_vaults_big_room, serial_shops, nicolae_shop_trees,
          nicolae_shop_back_alley_shop, shop, shop, nicolae_shop_statue_plus,
          uniq_mara
Crypt:1:  layout_chaotic_city, ebering_ghost_xom, grunt_crypt_arrival_split,
          uniq_vv

Skill      XL: |  1  2  3  4  5  6  7  8  9 10 11 12 13 14 15 16 17 18 19 20 21 22 |
---------------+-------------------------------------------------------------------+-----
Necromancy     | 5 6 7 8 9 10 | 10.5
Fighting       | 1 2 3 4 5 6 7 8 9 10 11 12 13 14 | 14.2
Ice Magic      | 1 2 4 5 6 7 8 9 10 11 12 | 12.0
Dodging        | 2 3 4 5 6 7 |  7.6
Short Blades   | 1 2 3 4 5 6 7 |  7.8
Spellcasting   | 3 4 6 7 8 10 11 12 14 15 17 18 19 21 22 23 24 | 24.0
Stealth        | 3 4 5 6 7 8 |  8.3
Polearms       | 1 2 3 4 5 6 |  6.1
Fire Magic     | 1 3 4 |  4.2
Shields        | 2 3 4 5 6 |  6.0
Throwing       | 1 2 3 |  3.2
Conjurations   | 1 3 4 5 6 |  6.0
Air Magic      | 1 3 4 5 6 7 9 10 11 | 11.3
Alchemy        | 2 5 6 7 8 9 10 | 10.3
Armour         | 1 2 3 5 |  5.9
Translocations | 1 2 3 |  3.1
Long Blades    | 3 5 6 |  6.2

Action                     |  1- 3 |  4- 6 |  7- 9 | 10-12 | 13-15 | 16-18 | 19-21 | 22-24 || total
---------------------------+-------+-------+-------+-------+-------+-------+-------+-------++-------
  Melee: Unarmed           |    48 |       |       |       |       |       |       |       ||    48
         Bite              |    20 |    71 |    53 |   131 |   266 |   328 |   342 |    79 ||  1290
         Short sword       |    24 |   155 |       |       |       |       |     8 |       ||   187
         Whip              |     1 |       |       |       |       |       |       |       ||     1
         Dagger            |       |   102 |   110 |     9 |       |       |       |     2 ||   223
         Trident           |       |       |    77 |   255 |   141 |    36 |    15 |       ||   524
         Rapier            |       |       |       |    76 |   517 |   693 |   428 |    38 ||  1752
         Long sword        |       |       |       |       |     6 |       |       |    12 ||    18
         Double sword      |       |       |       |       |       |       |   270 |   133 ||   403
         Staff             |       |       |       |       |       |       |     1 |     5 ||     6
  Throw: Boomerang         |       |     2 |    12 |    19 |    74 |    22 |    25 |    21 ||   175
         Dart              |       |       |     2 |     5 |    28 |    29 |     1 |       ||    65
   Cast: Vampiric Draining |     2 |    12 |    10 |    38 |    25 |     6 |     1 |     4 ||    98
         Frozen Ramparts   |       |     4 |    40 |    53 |    90 |    81 |    72 |    14 ||   354
         Apportation       |       |       |       |     7 |    54 |    70 |    11 |     4 ||   146
         Scorch            |       |       |       |     4 |       |     3 |     1 |       ||     8
         Olgreb's Toxic Ra |       |       |       |       |    76 |   123 |    87 |    12 ||   298
         Mercury Vapours   |       |       |       |       |    37 |   136 |    87 |    21 ||   281
         Ozocubu's Armour  |       |       |       |       |    66 |   110 |    83 |    39 ||   298
         Freezing Cloud    |       |       |       |       |    22 |    39 |    43 |     3 ||   107
         Blink             |       |       |       |       |     3 |     6 |     1 |     4 ||    14
         Dispel Undead     |       |       |       |       |    12 |    17 |    13 |    71 ||   113
         Searing Ray       |       |       |       |       |    10 |    12 |    27 |     1 ||    50
         Irradiate         |       |       |       |       |     3 |    72 |    24 |     8 ||   107
         Fugue of the Fall |       |       |       |       |       |    11 |    28 |    12 ||    51
         Fireball          |       |       |       |       |       |     5 |       |       ||     5
         Ozocubu's Refrige |       |       |       |       |       |     5 |     9 |     2 ||    16
         Ignite Poison     |       |       |       |       |       |       |     5 |    10 ||    15
         Sticky Flame      |       |       |       |       |       |       |       |    37 ||    37
  Evoke: Wand              |       |       |       |       |       |     3 |       |       ||     3
    Use: Scroll            |       |       |     8 |    12 |    14 |    24 |     7 |     7 ||    72
         Potion            |       |       |       |     1 |     4 |     8 |     6 |     5 ||    24
   Stab: Sleeping          |     1 |     7 |    11 |     3 |    11 |     9 |    15 |    12 ||    69
         Distracted        |       |       |       |       |     2 |       |     2 |     1 ||     5
         Held in net/web   |       |       |       |       |       |     2 |       |       ||     2
 Armour: Robe              |    41 |   157 |   101 |   154 |   419 |    72 |   131 |   314 ||  1389
         Steam dragon scal |       |       |       |   128 |    33 |       |       |       ||   161
         Troll leather arm |       |       |       |       |    29 |   795 |   721 |       ||  1545
         Ring mail         |       |       |       |       |       |    92 |       |       ||    92
  Dodge: Dodged            |    46 |   223 |   146 |   275 |   416 |   570 |   420 |   162 ||  2258
  Block: Buckler           |       |       |       |   107 |   406 |   863 |   626 |   219 ||  2221
         Reflection        |       |       |       |       |     9 |    29 |    40 |    15 ||    93

Table legend: (Time is in decaauts)
 A = Elapsed time spent in this place.
 B = Non-inter-level travel time spent in this place.
 C = Inter-level travel time spent in this place.
 D = Time resting spent in this place.
 E = Time spent auto-exploring this place.
 F = Levels seen in this place.
 G = Mean time per level.
                   A        B        C        D        E       F      G
               +--------+--------+--------+--------+--------+-----+--------+
         Total |  58330 |  53457 |   4873 |  15801 |  10990 |  44 | 1325.7 |
       Dungeon |  18185 |  16323 |   1862 |   3622 |   3642 |  15 | 1212.3 |
        Temple |      1 |      1 |      0 |      0 |      0 |   1 |    1.0 |
          Lair |   7469 |   6655 |    814 |   1983 |   1733 |   5 | 1493.8 |
        Shoals |   5171 |   4800 |    371 |   1469 |   1281 |   4 | 1292.8 |
   Spider Nest |   7006 |   6455 |    551 |   3020 |    630 |   4 | 1751.5 |
  Orcish Mines |   2314 |   1959 |    355 |    605 |    297 |   2 | 1157.0 |
   Elven Halls |   5895 |   5577 |    318 |   1625 |   1169 |   3 | 1965.0 |
        Vaults |   6819 |   6221 |    598 |   1529 |   1617 |   4 | 1704.8 |
         Crypt |   2280 |   2280 |      0 |    880 |    127 |   1 | 2280.0 |
        Bazaar |    442 |    442 |      0 |      0 |    113 |   3 |  147.3 |
         Sewer |    835 |    835 |      0 |    164 |    228 |   1 |  835.0 |
      Ice Cave |   1909 |   1909 |      0 |    902 |    150 |   1 | 1909.0 |
               +--------+--------+--------+--------+--------+-----+--------+

Top non-repeatable levels by time:
Spider:4: 3299 daAuts
 Crypt:1: 2280 daAuts
   Elf:2: 2195 daAuts
Vaults:2: 2138 daAuts
Vaults:1: 2058 daAuts
   Elf:1: 2045 daAuts
   IceCv: 1909 daAuts
     D:4: 1852 daAuts
     D:9: 1851 daAuts
  Lair:2: 1804 daAuts
   Orc:2: 1725 daAuts
  Lair:1: 1718 daAuts
   Elf:3: 1653 daAuts
Spider:2: 1611 daAuts
    D:15: 1555 daAuts
